Map: 10000 Feet LE

Players

mdanshin - Winner!

  • Race: Protoss Protoss
  • Spawn Location: 11:00

autismelite

  • Race: Zerg Zerg
  • Spawn Location: 5:00

VOD

Have the link to the VOD?

Description

Time

  • Played on: June 5, 2026, 8:50 a.m.
  • Length: 11:39
Show
View Real Time Build Order
Export as new Build Order

mdanshin Protoss - Winner!

Build Orders: Oracle Opening 

Get SALT Encoding   

  12  0:00  Probe  
  13  0:13  Probe  
  14  0:21  Pylon  
  14  0:25  Probe  
  15  0:40  Gateway  
  15  0:44  Probe  
  15  0:47  Assimilator  
  16  0:51  Assimilator  
  16  0:56  Probe  
  17  1:05  Pylon  
  17  1:08  Probe  
  18  1:20  Probe  
  19  1:38  Cybernetics Core, Forge  
  19  1:43  Probe  
  20  1:55  Probe  
  21  2:08  Probe  
  22  2:18  Stargate  
  22  2:21  Probe  
  23  2:33  Probe  
  24  2:37  Photon Cannon  
  24  2:39  Shield Battery  
  24  2:52  Nexus  
  27  3:05  Oracle  
  27  3:09  Probe  
  28  3:21  Probe  
  28  3:25  Protoss Shields Level 1  
  28  3:26  Stalker  
  31  3:36  Protoss Air Weapons Level 1  
  31  3:53  Pylon  
  31  4:00  Pylon  
  31  4:03  Probe  
  31  4:08  Probe  
  31  4:09  Void Ray  
  37  4:15  Probe  
  38  4:20  Probe  
  39  4:25  Assimilator  
  39  4:27  Assimilator  
  39  4:32  Probe x2  
  41  4:44  Probe  
  41  4:45  Probe  
  47  5:01  Void Ray  
  47  5:05  Fleet Beacon  
  47  5:07  Probe x2  
  49  5:19  Probe x2  
  51  5:31  Probe x2  
  51  5:35  Protoss Air Armor Level 1  
  57  5:43  Probe x2  
  57  5:44  Void Ray  
  57  5:46  Twilight Council  
  57  5:48  Robotics Facility  
  59  6:19  Stargate  
  59  6:22  Stargate  
  59  6:23  Pylon  
  59  6:25  Pylon  
  59  6:36  Probe x2  
  65  6:47  Void Ray  
  65  6:48  Probe x2  
  67  6:59  Gateway  
  67  7:01  Gateway  
  67  7:02  Gateway  
  67  7:05  Gateway  
  67  7:06  Gateway  
  67  7:08  Gateway  
  64  7:29  Warp Gate  
  64  7:49  Void Ray  
  64  8:01  Photon Cannon  
  64  8:05  Photon Cannon  
  64  8:07  Photon Cannon  
  64  8:09  Photon Cannon  
  68  8:28  Carrier  
  68  8:32  Void Ray  
  74  8:47  Forge  
  74  8:49  Cybernetics Core  
  74  8:52  Pylon  
  74  8:55  Pylon  
  74  9:00  Pylon  
  74  9:10  Carrier  
  80  9:28  Carrier  
  86  9:32  Carrier  
  92  10:11  Zealot x3  
  92  10:12  Zealot x2  
  102  10:46  Nexus  
  98  10:57  Nexus  
  98  11:05  Nexus  
Show
View Real Time Build Order
Export as new Build Order

autismelite Zerg 

Build Orders: Pool First 

Get SALT Encoding   

  12  0:01  Drone  
  13  0:08  Drone  
  14  0:18  Extractor, Drone  
  15  0:22  Overlord  
  15  0:42  Drone x2  
  17  0:49  Drone  
  18  0:54  Extractor  
  17  0:58  Spawning Pool  
  17  0:59  Drone  
  17  1:13  Drone  
  18  1:19  Drone  
  19  1:39  Hatchery  
  18  1:41  Drone x2  
  20  1:47  Queen  
  22  2:04  Overlord x2  
  22  2:29  Zergling x4  
  24  2:40  Drone  
  25  2:47  Metabolic Boost  
  25  2:54  Roach Warren  
  25  2:55  Lair  
  24  2:58  Queen  
  24  3:02  Zergling x4  
  24  3:03  Zergling x10  
  33  3:20  Drone  
  33  3:22  Drone  
  33  3:25  Drone  
  33  3:26  Drone  
  37  3:44  Drone x2  
  40  4:02  Drone  
  40  4:03  Drone x3  
  43  4:20  Evolution Chamber  
  42  4:24  Evolution Chamber  
  42  4:25  Roach  
  42  4:28  Overlord x3  
  33  4:51  Zerg Missile Weapons Level 1  
  33  4:53  Zerg Ground Armor Level 1  
  33  4:58  Drone x5  
  33  4:59  Drone  
  39  5:07  Queen x2  
  43  5:15  Drone x2  
  45  5:26  Roach x3  
  51  5:41  Spine Crawler  
  50  5:43  Queen x2, Spine Crawler  
  50  5:47  Spine Crawler  
  52  5:57  Spore Crawler  
  51  5:59  Spore Crawler  
  51  6:00  Spore Crawler  
  47  6:18  Drone x2  
  47  6:19  Drone x4  
  53  6:34  Roach x2  
  57  6:40  Glial Reconstitution  
  57  6:46  Extractor  
  57  6:47  Drone  
  49  7:47  Roach x5  
  49  8:18  Roach x2, Zergling x6  
  49  8:19  Zergling x2  
  46  8:26  Spire  
  45  8:29  Queen x2  
  49  8:40  Zergling x8  
  53  8:53  Spore Crawler x2  
  53  8:54  Spore Crawler x2  
  53  8:55  Spore Crawler  
  48  9:04  Queen  
  48  9:05  Zergling x4  
  48  9:08  Overlord x2  
  48  9:09  Overlord  
  49  9:33  Overlord x2  
  49  9:36  Corruptor  
  49  9:37  Corruptor  
  49  9:40  Queen  
  29  10:16  Queen  
  29  10:18  Corruptor  
  22  10:51  Queen  
  22  11:07  Spore Crawler x2  
  22  11:10  Spore Crawler  
Tags
 
Add a new tag
Caveats
  • Supply blocks, unpowered buildings, or Contaminate may cause inaccurate times.
  • Supply counts are checked every 10 seconds.